 Dungeon Crawl Stone Soup version 0.30.1-11-g7821555f0a (webtiles) character file.

Game seed: 1697010871156810842

103 BearBoy19 the Ducker (level 4, -21/40 HPs)
             Began as a Minotaur Monk on Nov 5, 2023.
             Demolished by an ogre
             ... wielding a +0 giant spiked club
              (35 damage)
             ... on level 4 of the Dungeon.
             The game lasted 00:15:49 (1829 turns).

BearBoy19 the Ducker (Minotaur Monk)                Turns: 1829, Time: 00:15:50

Health: -21/40     AC:  3    Str: 15    XL:     4   Next: 51%
Magic:  3/3        EV: 14    Int:  7    God:
Gold:   100        SH:  0    Dex: 15    Spells: 3/3 levels left

rFire   . .          .
                       - Unarmed
rCold   . . .        c - orb {light}
rNeg    . . .        a - +1 robe
rPois   .            (helmet restricted)
rElec   .            (no cloak)
rCorr   .            (no gloves)
SInv    .            (no boots)
Will    .....        (no amulet)
Stlth   +            (no ring)
HPRegen 0.26/turn    (no ring)
MPRegen 0.08/turn

%: no passive effects
@: glowing
A: horns 2, retaliatory headbutt
a: no special abilities


You were on level 4 of the Dungeon.
You visited 1 branch of the dungeon, and saw 4 of its levels.

You collected 100 gold pieces.

Inventory:

Hand Weapons
 d - a +0 club
 f - a +0 rapier
Missiles
 h - 4 silver javelins
 l - 5 stones (quivered)
Armour
 a - a +1 robe (worn)
 c - an orb of light (worn)
 k - a +0 leather armour
Wands
 e - a wand of mindburst (5)
 n - a wand of iceblast (3)
Scrolls
 i - a scroll of blinking
Potions
 b - a potion of ambrosia
 g - a potion of brilliance
 j - a potion of magic {unknown}
 m - a potion of curing {unknown}


   Skills:
 + Level 4.1 Fighting
 * Level 1.5 Throwing
 * Level 4.4 Dodging
 + Level 4.3 Unarmed Combat


You had 3 spell levels left.
You didn't know any spells.
Your spell library was empty.

Dungeon Overview and Level Annotations

Branches:
Dungeon (4/15)
 Temple: D:4-7

Altars:
Ru

Shops:
D:1 [


Innate Abilities, Weirdness & Mutations

You have a pair of horns on your head.
You reflexively headbutt those who attack you in melee.


Message History

Found a stone staircase leading up.
There is a stone staircase leading up here.
An endoplasm comes into view.
The endoplasm quivers.
The endoplasm closely misses you. You furiously retaliate!
You headbutt the endoplasm!
You kill the endoplasm!
A hobgoblin comes into view.
The hobgoblin shouts!
A hobgoblin comes into view.
The hobgoblin shouts!
Throw: 5 stones
Press: ? - help, Q - select action, (/) - cycle Shift-Dir - straight line, f - hobgoblin
Aim: a hobgoblin (60% to hit)
Okay, then.
Aiming: Iceblast
Press: ? - help, Shift-Dir - straight line, f - hobgoblin
Aim: a hobgoblin The mass of ice explodes!
The iceblast engulfs the hobgoblin!!
You kill the hobgoblin!
You hear a shout!
An ogre comes into view. It is wielding a +0 giant spiked club.
You hit the hobgoblin.
The hobgoblin is almost dead.
You hit the hobgoblin.
You kill the hobgoblin!
Aiming: Iceblast
Press: ? - help, Shift-Dir - straight line, f - ogre
Aim: an ogre, wielding a +0 giant spiked club (haloed)
The mass of ice explodes!
The iceblast engulfs the ogre!
The ogre is moderately wounded.
You hit the ogre.
The ogre is heavily wounded.
The ogre hits you with a +0 giant spiked club!!
Ouch! That really hurt!
You hit the ogre. Your headbutt misses the ogre.
The ogre is heavily wounded.
The ogre hits you with a +0 giant spiked club!!
Ouch! That really hurt!
You die...

#.# #.# ..
#.# g# #.#
.# #.# .#
#.# .# #.#
.#
#.#######.#
#...@O.†..#
########..#
#..# #....
##g### .#
.# ..


You could see an ogre.

Vanquished Creatures
  Ijyb (D:3)
  3 adders (D:2)
  A worm (D:2)
  4 dart slugs (D:3)
  3 bats
  5 endoplasms
  2 giant cockroaches
  2 goblins
  3 hobgoblins
  3 jackals (D:1)
  2 quokkas
  5 kobolds
  2 rats
36 creatures vanquished.

Notes
Turn   | Place    | Note
-------+----------+-------------------------------------------
     0 | D:1      | BearBoy19 the Minotaur Monk began the quest for the Orb.
     0 | D:1      | Reached XP level 1. HP: 19/19 MP: 0/0
   264 | D:1      | Reached XP level 2. HP: 27/27 MP: 1/1
   273 | D:1      | Found Monus's Antique Armour Shop.
   563 | D:2      | Reached XP level 3. HP: 33/33 MP: 2/2
   752 | D:2      | Found a sacrificial altar of Ru.
   759 | D:2      | Reached skill level 1 in Throwing
  1027 | D:3      | Noticed Ijyb
  1034 | D:3      | Killed Ijyb
  1035 | D:3      | Reached XP level 4. HP: 33/40 MP: 3/3
  1822 | D:4      | Noticed an ogre
  1829 | D:4      | Demolished by an ogre

Illustrated notes

Levels and vault maps discovered:
D:1:      lightli_arrival_isolated_outpost, layout_basic, serial_shops, shop
D:2:      layout_loops_ring, basic_altar
D:3:      layout_loops_corners, goddamned_bats, uniq_ijyb
D:4:      layout_loops_ring, serial_shops, kennysheep_mini, uniq_grinder,
          uniq_duvessa

Skill      XL: |  1  2  3 |
---------------+----------+-----
Dodging        | 4 |  4.4
Throwing       | 1 |  1.5
Unarmed Combat | 4 |  4.3
Fighting       | 4 |  4.1

Action                     |  1- 3 |  4- 6 || total
---------------------------+-------+-------++-------
  Melee: Unarmed           |    56 |    16 ||    72
         Headbutt          |    15 |     4 ||    19
  Throw: Stone             |     4 |     6 ||    10
         Javelin           |     4 |     2 ||     6
  Evoke: Wand              |       |     3 ||     3
    Use: Scroll            |     8 |     1 ||     9
         Potion            |     1 |       ||     1
 Armour: Robe              |    14 |     4 ||    18
  Dodge: Dodged            |    37 |    11 ||    48
